AoeStats
← Giovanni Giorgio

Arabia

510121662Analyzed
3v3 RM · 2d ago on Sep 29, 2026· 35m 50s· 6 players
Game mode
Random Map
Map size
Normal (6 player)
Population
200
Speed
Normal
Resources
Standard
Victory
Conquest
Starting age
Dark Age
Ending age
Imperial Age
RankedLock teamsTeams togetherTeam positionsShared explorationLock speedFull tech treeHidden civsTurbo modeCheats
Victory
Defeat
🇺🇸 Jurchens · United States
864
+13
🇺🇸 Magyars · United States
845
+14
🇺🇸 Armenians · United States
830
+15
🇵🇱 Bohemians · Poland
814
-14
🇵🇱 Poles · Poland
803
-14
🇵🇱 Celts · Poland
801
-14
| XG | GAMBA. BIG YAHU
0:34 Loom
11:32 Feudal Age
13:46 Wheelbarrow
13:47 Double-Bit Axe
18:30 Castle Age
17:00 Bloodlines
16:43 Horse Collar
21:23 Szlachta Privileges
28:12 Heavy Plow
32:16 Husbandry
32:31 Forging
32:37 Thumb Ring
33:51 Fletching
34:37 Iron Casting
MaCo67
10:53 Feudal Age
10:57 Loom
14:36 Horse Collar
19:34 Castle Age
20:04 Wheelbarrow
19:18 Double-Bit Axe
19:32 Fletching
19:59 Crossbowman
21:23 Padded Archer Armor
23:34 Ballistics
29:09 Heavy Plow
30:39 Squires
30:00 Pikeman
30:26 Arson
Giovanni Giorgio
5:16 Loom
12:46 Feudal Age
14:40 Horse Collar
15:12 Double-Bit Axe
15:57 Gold Mining
16:38 Arson
16:58 Stone Mining
23:17 Castle Age
BloodTearss
12:21 Feudal Age
14:26 Man-at-Arms
15:57 Horse Collar
16:11 Double-Bit Axe
17:37 Long Swordsman
18:57 Arson
19:22 Stone Mining
19:25 Gold Mining
19:57 Scale Mail Armor
22:20 Wheelbarrow
25:55 Castle Age
23:41 Loom
26:29 Forging
25:44 Pikeman
34:13 Gold Shaft Mining
34:00 Town Watch
34:32 Hand Cart
35:09 Fletching
35:19 Padded Archer Armor
35:09 Gambesons
35:27 Squires
36:05 Ballistics
Fryy
5:45 Loom
11:16 Feudal Age
18:09 Castle Age
16:23 Double-Bit Axe
24:11 Bloodlines
24:02 Husbandry
26:37 Bow Saw
26:09 Horse Collar
31:33 Gold Mining
31:50 Heavy Plow
33:05 Wheelbarrow
32:54 Corvinian Army
33:22 Scale Barding Armor
sleW
9:33 Loom
12:16 Feudal Age
13:23 Double-Bit Axe
16:25 Castle Age
14:50 Horse Collar
19:01 Scale Barding Armor
20:20 Bloodlines
21:01 Husbandry
24:08 Wheelbarrow
26:43 Chain Barding Armor
28:57 Forging
29:38 Town Watch
30:09 Hand Cart
31:35 Town Patrol
34:47 Iron Casting
34:47 Bow Saw
34:45 Gold Mining
Connection lost

Rejoining the realm…

Still unreachable

The connection could not be restored.

Session expired

The server has moved on; the page needs a fresh start.